Cogmind - Beta 15 @@@ ROGUE MODE // 2025.08.26 @ 09:25:00 Player: winnking222 Result: Self-destructed Performance ------------- Evolutions (5) 2500 Regions Visited (5) 1000 Robots Destroyed (47) 235 Value Destroyed (1499) 1499 Prototype IDs (29) 580 Alien Tech Used (0) 0 Bonus (2300) 2300 TOTAL SCORE: 8114 Bonus ------- Delivered SUBCON Basin 2000 Registered with UFD 300 Cogmind --------- Core Integrity 871/1000 Matter 133/300 Energy 510/510 System Corruption 13% Temperature Cool (0) Movement Walking (190) Ox1 Location -5/Factory Parts ------- > --- POWER (1+1) ------ Neutrino Core (+) Fusion Reactor > --- PROPULSION (4+1) - Flexi-carbon Leg Flexi-carbon Leg Flexi-carbon Leg Centrium Leg > --- UTILITY (9+1) ---- Experimental Heat Sink High-capacity Storage Unit Deep Structural Scanner Enhanced Optical Array Improved Heavy Armor Plating Gun Armor Tech Extrapolator Rainbow Chip > --- WEAPON (3+2) ----- KE Penetrator (fused) > --- INVENTORY (20) --- Flexi-carbon Leg Armored Huge Wheel Large Storage Unit Improved Energy Well (400) Surveybot 17 Chip Advanced Hacking Suite A0-MCA's Component Scanner Neutron Cannon Gauss Rifle Heavy Machine Gun Proton Missile Launcher Smartbomb Launcher CPS Tube (2) Vortex Trap Vortex Trap Vortex Trap Peak State ------------ > --- POWER ------------ Neutrino Core Fusion Reactor > --- PROPULSION ------- Flexi-carbon Leg Flexi-carbon Leg Flexi-carbon Leg Centrium Leg > --- UTILITY ---------- Experimental Heat Sink High-capacity Storage Unit Deep Structural Scanner Enhanced Optical Array Improved Heavy Armor Plating Gun Armor Tech Extrapolator Rainbow Chip > --- WEAPON ----------- KE Penetrator Hypervelocity Coil Gun Improved KE Penetrator Enhanced Coil Gun > --- INVENTORY -------- Flexi-carbon Leg Armored Huge Wheel Large Storage Unit Improved Energy Well Surveybot 17 Chip Improved Heavy Armor Plating Advanced Hacking Suite A0-MCA's Component Scanner Neutron Cannon Gauss Rifle Heavy Machine Gun Proton Missile Launcher Smartbomb Launcher CPS Tube Vortex Trap Vortex Trap Vortex Trap [Rating: 127] Favorites ----------- Power Improved Ion Engine Engine Improved Ion Engine Power Core Neutrino Core Reactor Fusion Reactor Propulsion Myomer Leg Treads Light Treads Leg Myomer Leg Wheel Armored Huge Wheel Utility High-capacity Storage Unit Device Deep Structural Scanner Storage High-capacity Storage Unit Processor Rainbow Chip Protection Makeshift Light Armor Plating Weapon Subdweller Machine Gun Energy Gun Medium Laser Energy Cannon Neutron Cannon Ballistic Gun Subdweller Machine Gun Launcher Subdweller Shrapnel Launcher Special Melee Weapon Datajack Build | -11 -10 -10 -7 -7 -5 ------- Run | Yrd Mat Sub Rec Scr Fac Slots Evolved 10 | . . . . . 10 Power . | . . . . . . Propulsion 2 | . . . . . 2 Utility 7 | . . . . . 7 Weapon 1 | . . . . . 1 Parts Attached 64 | 7 6 16 1 9 25 Power 8 | 1 2 2 . 1 2 Engine 6 | 1 2 2 . 1 . Core 1 | . . . . . 1 Reactor 1 | . . . . . 1 Propulsion 15 | 2 2 4 . 2 5 Treads 8 | 2 2 2 . 2 . Leg 6 | . . 2 . . 4 Wheel 1 | . . . . . 1 Hover . | . . . . . . Flight . | . . . . . . Utility 22 | 2 2 4 . 3 11 Device 5 | 1 1 . . 1 2 Storage 4 | 1 1 1 . . 1 Processor 5 | . . . . 1 4 Hackware . | . . . . . . Protection 8 | . . 3 . 1 4 Artifact . | . . . . . . Weapon 19 | 2 . 6 1 3 7 Energy Gun 6 | 2 . 4 . . . Energy Cannon 1 | . . . . . 1 Ballistic Gun 9 | . . 2 . 2 5 Ballistic Cannon . | . . . . . . Launcher 2 | . . . 1 . 1 Special Weapon . | . . . . . . Impact Weapon . | . . . . . . Slashing Weapon . | . . . . . . Piercing Weapon . | . . . . . . Special Melee Weapon 1 | . . . . 1 . Unidentified Prototypes 8 | . . . . . 8 Parts Lost 9 | . 1 2 1 . 5 Power . | . . . . . . Propulsion 1 | . . . 1 . . Utility 4 | . 1 2 . . 1 Weapon 4 | . . . . . 4 Highest Loss Streak 3 | . 1 1 1 . 3 To Critical Strikes . | . . . . . . Average Backups 9 | 4 11 5 5 12 14 Power . | . 1 . 1 1 1 Propulsion . | 2 3 . . . 1 Utility 4 | . 3 3 2 6 6 Weapon 2 | 1 3 1 2 2 4 Tool/Special . | . . . . . . Unused Backups 29 | . 2 10 . 3 14 Power 5 | . . 1 . 2 2 Propulsion 5 | . 2 2 . . 1 Utility 11 | . . 5 . . 6 Weapon 7 | . . 2 . 1 4 Tool/Special 1 | . . . . . 1 Average Slot Usage (%) 84 | . 99 87 96 78 70 Engine 12 | . 14 13 14 13 . Treads 11 | . 28 12 . 10 6 Leg 11 | . . 15 27 9 4 Device 4 | . 13 . . 6 5 Storage 9 | . 14 3 14 13 4 Processor 1 | . . . . . 15 Protection 8 | . . 13 14 6 7 Energy Gun 6 | . 28 7 9 . . Ballistic Gun 16 | . . 20 14 17 14 Peak Build Rating 127 | 7 9 42 42 33 127 Average Rating 31 | 5 8 22 38 24 99 On Entrance 17 | . 7 9 42 19 30 Naked Turns . | . . . . . . Heaviest Build 108 | 13 32 59 61 63 108 Greatest Support 90 | 40 40 45 45 40 90 Greatest Overweight (x) 3 | . . 1 2 2 3 Average Overweight (x) . | . . . 1 1 2 Largest Inventory Capacity 20 | 8 15 20 20 20 20 Average Capacity 15 | 7 14 8 20 19 20 Most Carried 20 | 7 15 20 20 20 20 Average Carried 12 | 4 11 7 17 14 19 Final Capacity 20 | 8 15 20 20 20 20 Final Carried 20 | 5 14 20 7 20 18 Class Distribution -------------------- 69% | Mutant 10% | Derelict-Mutant 9% | Scavenger-Mutant 5% | Derelict-Tank Dominant Class ---------------- Mutant | -10/Materials Mutant | -10/Subcaves Scavenger-Mutant | -7/Recycling Mutant | -7/Scraptown Derelict-Tank | -5/Factory Resources | -11 -10 -10 -7 -7 -5 ----------- Run | Yrd Mat Sub Rec Scr Fac Matter Collected 1672 | 270 55 477 10 219 641 Remotely . | . . . . . . Salvage Created 1879 | 99 513 382 78 . 807 Parts 111 | 11 25 17 2 . 56 Haulers Intercepted 2 | . 2 . . . . Recyclers Shooed 3 | . 1 . . . 2 Parts Field Recycled . | . . . . . . Retrieved Matter . | . . . . . . Parts Self-Destructed 15 | . . 15 . . . Prevented . | . . . . . . Kills | -11 -10 -10 -7 -7 -5 ------- Run | Yrd Mat Sub Rec Scr Fac Combat Hostiles Destroyed 29 | . 9 9 2 . 9 Guns 27 | . 8 8 2 . 9 Classes Destroyed 13 | 1 5 2 1 . 4 Worker 2 | . . . . . 2 Builder 4 | . . . . . 4 Tunneler 5 | 5 . . . . . Hauler 2 | . 2 . . . . Recycler 2 | . 1 . . . 1 Turret 1 | . . 1 . . . Watcher 2 | . 2 . . . . Swarmer 3 | . 3 . . . . Grunt 6 | . 6 . . . . Sentry 3 | . . . 2 . 1 Hunter 3 | . . . . . 3 Programmer 5 | . . . . . 5 Subdweller 9 | . . 9 . . . Best Kill Streak 5 | 2 4 2 2 . 5 Combat Bots Only 3 | . 3 2 2 . 2 Max Kills in Single Turn 3 | 1 2 1 1 . 3 Gunslinging . | . . . . . . Exploded . | . . . . . . Melee . | . . . . . . Uniques/NPCs Destroyed . | . . . . . . Combat | -11 -10 -10 -7 -7 -5 -------- Run | Yrd Mat Sub Rec Scr Fac Hostile Shots Fired 388 | . 39 47 117 . 185 Missed 118 | . 14 11 57 . 36 Hits 270 | . 25 36 60 . 149 Projectile 270 | . 25 36 60 . 149 AOE 1 | . . . . . 1 Critical Strikes 12 | . 4 1 . . 7 Part Disruptions 1 | . . . . . 1 Damage Taken 4547 | . 318 839 451 . 2939 Core 320 | . 58 55 78 . 129 Absorbed by Shields . | . . . . . . Core Remaining (%) 61 | 100 . . . 23 . Volleys Fired 162 | 9 44 59 11 . 39 Largest 4 | 2 2 2 2 . 4 Hottest 150 | 100 100 90 90 . 150 Shots Fired 374 | 18 88 119 15 . 134 Gun 368 | 18 88 119 12 . 131 Cannon 3 | . . . . . 3 Launcher 3 | . . . 3 . . Special . | . . . . . . Kinetic 238 | . . 93 14 . 131 Thermal 115 | 18 88 5 1 . 3 Explosive . | . . . . . . Electromagnetic 21 | . . 21 . . . Robot Hit Streak 19 | 4 13 19 6 . 8 Robot Miss Streak 6 | 3 3 2 1 . 6 Penetration Max 2 | . . . . . 2 Secondary Targets 3 | . . 1 . . 2 Max Gunslinging Chain 1 | . . 1 . . 1 Shots Hit Robots 210 | 9 55 65 10 . 71 Core Hits 92 | 5 25 19 5 . 38 Critical Kills 5 | . . . . . 5 Critical Parts Destroyed 8 | . . . . . 8 Critical Strikes 23 | 1 8 1 . . 13 Burn 9 | 1 8 . . . . Destroy 14 | . . 1 . . 13 Melee Attacks . | . . . . . . Impact . | . . . . . . Slashing . | . . . . . . Piercing . | . . . . . . Sneak Attacks . | . . . . . . Combat Hostiles . | . . . . . . Follow-up Attacks . | . . . . . . Damage Inflicted 4555 | 126 737 1088 374 . 2230 Guns 4175 | 126 737 1088 174 . 2050 Cannons 75 | . . . . . 75 Explosions 226 | . . . 200 . 26 Melee . | . . . . . . Ramming 79 | . . . . . 79 Kinetic 3322 | . . 898 374 . 2050 Thermal 938 | 126 737 . . . 75 Explosive . | . . . . . . Electromagnetic 216 | . . 190 . . 26 Impact . | . . . . . . Slashing . | . . . . . . Piercing . | . . . . . . Highest Corruption 13 | . 2 2 2 . 13 Average Corruption 2 | . 2 2 2 . 4 Corruption Purged 4 | . . . . . 4 Corruption Blocked . | . . . . . . Effects 70 | . 2 45 10 . 13 Message Errors 17 | . 1 10 4 . 2 Matter Fused 13 | . . 9 3 . 1 Heat Flow Errors 7 | . . 6 . . 1 Energy Discharges 9 | . 1 5 1 . 2 Parts Rejected 1 | . . . . . 1 Parts Fused 4 | . . 2 1 . 1 Data Loss (minor) 8 | . . 5 1 . 2 Data Loss (major) 1 | . . . . . 1 Misfires 6 | . . 6 . . . Alerts 2 | . . 1 . . 1 Misdirections 1 | . . . . . 1 Weapon Failures 1 | . . 1 . . . Overload Shots . | . . . . . . Overflow Damage . | . . . . . . Projectiles . | . . . . . . Explosions . | . . . . . . Melee . | . . . . . . Knockbacks 1 | . . . . . 1 Impact 1 | . . . . . 1 Kinetic . | . . . . . . Secondary . | . . . . . . Self-Inflicted Damage 12 | . . . . . 12 Shots 1 | . . . . . 1 Rammed . | . . . . . . Targets Rammed 14 | . . . . . 14 Kicked 14 | . . . . . 14 Crushed . | . . . . . . Highest Temperature 291 | 117 270 226 51 . 291 Average Temperature 93 | 50 87 98 21 . 118 Received Heat Transfer 591 | . 231 201 132 . 27 Effects 1 | . 1 . . . . Energy Bleed 1 | . 1 . . . . Siege Activations . | . . . . . . Martial Activations . | . . . . . . Shielding Activations . | . . . . . . Robots Disrupted . | . . . . . . Combat Hostiles . | . . . . . . Robots Corrupted 1 | . . 1 . . . Combat Hostiles 1 | . . 1 . . . Parts Fried 2 | . . 2 . . . Impact Corruptions . | . . . . . . Robots Melted 2 | . 2 . . . . Combat Hostiles 1 | . 1 . . . . Parts Melted 10 | 4 6 . . . . Heat Transferred 3182 | 444 2738 . . . . Parts Sabotaged . | . . . . . . Parts Stolen . | . . . . . . Parts Stripped . | . . . . . . Power Chain Reactions . | . . . . . . Alert | -11 -10 -10 -7 -7 -5 ------- Run | Yrd Mat Sub Rec Scr Fac Maximum Alert Level . | . . . . . . Low Security (%) 100 | 100 100 . 100 . 100 Level 1 . | . . . . . . Level 2 . | . . . . . . Level 3 . | . . . . . . Level 4 . | . . . . . . Level 5 . | . . . . . . High Security . | . . . . . . Max Security . | . . . . . . Peak Influence 165 | 10 80 . 58 . 165 Initial . | . . . . . . Average 23 | 1 18 . 13 . 40 Influence Increases 994 | 25 276 20 247 . 426 Destroy 0b10 Robot/C 420 | . 180 20 40 . 180 Destroy 0b10 Robot/NC 85 | 25 25 . . . 35 Destroy Leader 98 | . 38 . . . 60 Successful Hack 49 | . 18 . 17 . 14 Select Force Hacks 150 | . . . 150 . . Disable Machine 30 | . . . . . 30 Destroy Structure 117 | . . . 25 . 92 Lose Combat Pursuer 45 | . 15 . 15 . 15 Influence Decreases 856 | 25 276 20 238 9 288 Entered New Map 9 | . . . . 9 . Time Decay 777 | 25 266 20 228 . 238 Lost Part 70 | . 10 . 10 . 50 Squads Dispatched 7 | . . . . . 7 Investigation 1 | . . . . . 1 Extermination 3 | . . . . . 3 Reinforcement 3 | . . . . . 3 Assault . | . . . . . . Garrison . | . . . . . . Intercept . | . . . . . . Searches Triggered . | . . . . . . Construction Impeded 1 | . . . . . 1 Haulers Reinforced . | . . . . . . Active Scanning Responses . | . . . . . . Cargo Convoy Interrupts 1 | . . . . . 1 Stealth | -11 -10 -10 -7 -7 -5 --------- Run | Yrd Mat Sub Rec Scr Fac Distress Signals 2 | . 2 . . . . Communications Jammed . | . . . . . . Distress Signals . | . . . . . . Times Spotted 51 | . 20 12 3 . 16 Peak Tracking Total 6 | . 6 2 2 . 6 Tactical Retreats 3 | . 1 . 1 . 1 Traps | -11 -10 -10 -7 -7 -5 ------- Run | Yrd Mat Sub Rec Scr Fac Traps Triggered 1 | . 1 . . . . Indirectly . | . . . . . . Trap Hack Attempts . | . . . . . . Triggered . | . . . . . . Disarmed . | . . . . . . Reprogrammed . | . . . . . . Reused . | . . . . . . Traps Extracted . | . . . . . . Installed . | . . . . . . Triggered . | . . . . . . Most Traps Carried 3 | . . . . 3 3 Machines | -11 -10 -10 -7 -7 -5 ---------- Run | Yrd Mat Sub Rec Scr Fac Machines Disabled 4 | . . 2 . . 2 Max in Single Turn 1 | . . 1 . . 1 Machines Repaired . | . . . . . . Machines Dismantled . | . . . . . . Machines Sabotaged . | . . . . . . Overloaded Fab Kills . | . . . . . . Hacking | -11 -10 -10 -7 -7 -5 --------- Run | Yrd Mat Sub Rec Scr Fac Machines Accessed 25 | . 7 3 7 6 2 Terminals 9 | . 7 . 2 . . Fabricators 1 | . . . . . 1 Repair Stations . | . . . . . . Recycling Units 6 | . . . 5 . 1 Scanalyzers . | . . . . . . Garrison Access . | . . . . . . Total Hacks 77 | . 22 4 8 38 5 Successful 59 | . 9 4 7 38 1 Failed 18 | . 13 . 1 . 4 Catastrophic . | . . . . . . Database Lockouts . | . . . . . . Manual 33 | . 22 . 8 . 3 Terminals 25 | . 22 . 3 . . Fabricators 2 | . . . . . 2 Repair Stations . | . . . . . . Recycling Units 8 | . . . 5 . 3 Scanalyzers . | . . . . . . Garrison Access . | . . . . . . Terminal Hacks 42 | . . 4 . 38 . Record 32 | . . 1 . 31 . Robot Analysis 6 | . . . . 6 . Open Door 1 | . . 1 . . . Proto ID Catalog 2 | . . 1 . 1 . Release Object 1 | . . 1 . . . Fabricator Hacks 1 | . . . . . 1 Build 1 | . . . . . 1 Repair Station Hacks . | . . . . . . Recycling Unit Hacks . | . . . . . . Scanalyzer . | . . . . . . Garrison Access Hacks . | . . . . . . Unauthorized Hacks 16 | . 9 . 7 . . Terminals 11 | . 9 . 2 . . Botnet 6 | . 4 . 2 . . Skim 5 | . 5 . . . . Fabricators . | . . . . . . Repair Stations . | . . . . . . Recycling Units 5 | . . . 5 . . Tunnel 5 | . . . 5 . . Scanalyzers . | . . . . . . Garrison Access . | . . . . . . Data Cores Recovered . | . . . . . . Used . | . . . . . . Hacking Detections 7 | . 4 . 1 . 2 Full Trace Events 2 | . 1 . . . 1 Feedback Events . | . . . . . . Feedback Blocked . | . . . . . . Robot Schematics Acquired . | . . . . . . Robots Built . | . . . . . . Authchips . | . . . . . . Time . | . . . . . . Total Robot Build Rating . | . . . . . . Part Schematics Acquired 7 | . . . . . 7 Parts Built 1 | . . . . . 1 Authchips . | . . . . . . Time 69 | . . . . . 69 Total Part Build Rating 9 | . . . . . 9 Parts Repaired . | . . . . . . Time . | . . . . . . Parts Recycled . | . . . . . . Recycled Matter . | . . . . . . Retrieved Matter . | . . . . . . Retrieved Components . | . . . . . . Parts Scanalyzed . | . . . . . . Part Schematics Acquired . | . . . . . . Parts Damaged . | . . . . . . Bothacking | -11 -10 -10 -7 -7 -5 ------------ Run | Yrd Mat Sub Rec Scr Fac Used RIF Installer . | . . . . . . Robots Hacked . | . . . . . . Non-combat . | . . . . . . Combat . | . . . . . . Robot Hacks Applied . | . . . . . . Relay Couplers Released . | . . . . . . Fabnet Peak Effective % . | . . . . . . Robots Rewired . | . . . . . . Allies Hacked . | . . . . . . Hacks Repelled . | . . . . . . Allies | -11 -10 -10 -7 -7 -5 -------- Run | Yrd Mat Sub Rec Scr Fac Total Allies . | . . . . . . Largest Group . | . . . . . . Highest-Rated Group . | . . . . . . Highest-Rated Ally . | . . . . . . Total Orders . | . . . . . . Ally Attacks . | . . . . . . Total Damage . | . . . . . . Kills . | . . . . . . Allies Corrupted . | . . . . . . Allies Melted . | . . . . . . Intel | -11 -10 -10 -7 -7 -5 ------- Run | Yrd Mat Sub Rec Scr Fac Active Infowar (turns) 3227 | 80 105 . . 1816 1226 Optics 1108 | . . . . . 1108 Structural 3042 | . . . . 1816 1226 Seismic 185 | 80 105 . . . . Robot Analysis Total 6 | . . . . 6 . Derelict Logs Recovered 6 | . . 2 . 4 . Drone Launches . | . . . . . . Drone Recoveries . | . . . . . . Exploration | -11 -10 -10 -7 -7 -5 ------------- Run | Yrd Mat Sub Rec Scr Fac Turns Passed 11445 | 157 1082 3844 1127 4008 1227 Spaces Moved 5310 | 82 533 1987 537 1697 474 Core 132 | 17 . . . 115 . Treads 1631 | 65 533 418 . 615 . Legs 3209 | . . 1569 537 967 136 Wheels 338 | . . . . . 338 Hover . | . . . . . . Flight . | . . . . . . Fastest Speed 50 | 50 160 120 200 50 130 Average Speed 193 | 137 160 178 202 232 154 Slowest Speed 330 | 160 160 200 260 330 190 Overloaded Moves . | . . . . . . Propulsion Burnouts . | . . . . . . Robots Hopped . | . . . . . . Potential Cave-ins 2 | . . . . . 2 Cave-ins Triggered . | . . . . . . Exploration Rate (%) 62 | 5 97 79 95 89 8 Regions Visited 5 Branch Regions 3 Pre-discovered Areas 13 | . . 2 5 6 . Known Exits Taken 2 | . 1 1 . . . Unknown Exits Taken 3 | 1 . . 1 1 . Scrap Searched 16 | . . 11 . 5 . Spaces Dug . | . . . . . . Terrain Destroyed 85 | . . . 34 . 51 Melee . | . . . . . . Projectile 52 | . . . 1 . 51 AOE 33 | . . . 33 . . Terrain Rammed . | . . . . . . Walls Destroyed . | . . . . . . Machines Disabled . | . . . . . . Actions | -11 -10 -10 -7 -7 -5 --------- Run | Yrd Mat Sub Rec Scr Fac Total 6162 | 108 676 2178 565 1769 866 Wait 416 | . 68 67 11 7 263 Move 5305 | 81 532 1986 536 1696 474 Hop . | . . . . . . Pick Up 111 | 11 18 18 3 37 24 Fast Attach 14 | 1 . 5 . 1 7 Attach 40 | 6 1 8 . 7 18 Detach 1 | . . 1 . . . Swap 24 | . 5 8 1 3 7 Drop 69 | . 8 21 3 17 20 Fire 162 | 9 44 59 11 . 39 Melee . | . . . . . . Ram . | . . . . . . Kick 14 | . . . . . 14 Crush . | . . . . . . Escape Stasis . | . . . . . . Rewire 1 | . . . . 1 . Trap . | . . . . . . Miscellaneous 5 | . . 5 . . . Route ------- -11/Scrapyard -10/Materials (discovered 6 exits: *Mat x3 / *Min x2 / *Sub) -10/Subcaves (discovered 3 exits: *Mat x2 / *Rec) -7/Recycling (discovered 2 exits: *Fac / *Scr) -7/Scraptown (discovered 2 exits: *Fac x2) -5/Factory (discovered 7 exits: Fac x4 / *Upp x2 / Ext) History --------- Turn | Location | Event 32 | -11/Scrapyard | Discovered new exit (range 15) 158 | -11/Scrapyard | Entered Materials 301 | -10/Materials | Build established: Mutant 379 | -10/Materials | Discovered new exit (range 10) 527 | -10/Materials | Discovered new exit (range 14) 752 | -10/Materials | Identified exit to Mines 761 | -10/Materials | Discovered new exit (range 15) 881 | -10/Materials | Identified exit to Materials 975 | -10/Materials | Learned Storage terminal intel 1010 | -10/Materials | Identified exit to Subcaves 1010 | -10/Materials | Learned location of 1 exit from Materials 1110 | -10/Materials | Learned location of 2 exits from Subcaves 1160 | -10/Materials | Loaded intel: 11 trap records 1219 | -10/Materials | Learned Storage security intel 1240 | -10/Materials | Entered Subcaves 1241 | -10/Subcaves | Identified exit to Materials 1242 | -10/Subcaves | Identified exit to Recycling 1318 | -10/Subcaves | Learned location of Zion (-6) 1318 | -10/Subcaves | Met a Zionite searching for "candidates" 1357 | -10/Subcaves | A Subdweller sparked back to life 1357 | -10/Subcaves | A Subdweller sparked back to life 1357 | -10/Subcaves | A Subdweller sparked back to life 1380 | -10/Subcaves | Found Prototype Protection 1535 | -10/Subcaves | Visited 4L-MR0's lab 1544 | -10/Subcaves | Identified Gun Armor 1657 | -10/Subcaves | Found Rainbow Chip 1814 | -10/Subcaves | Shifting Twisted Machinery released Battle Rifle 1817 | -10/Subcaves | Shifting Twisted Machinery released Sub. Power Source 2196 | -10/Subcaves | Disturbed a concealed Subdweller 3047 | -10/Subcaves | Learned Materials interactive machine intel 3064 | -10/Subcaves | Learned location of Mines (-10) 3494 | -10/Subcaves | Shifting Twisted Machinery released Multitool 3495 | -10/Subcaves | Shifting Twisted Machinery released Barrage Gun 3541 | -10/Subcaves | A swath of the cavern ceiling suddenly collapsed 3724 | -10/Subcaves | Shifting Twisted Machinery released Battle Cannon 3960 | -10/Subcaves | Shifting Twisted Machinery released Mak. Leg 4533 | -10/Subcaves | Found SUBCON Basin 5084 | -10/Subcaves | Entered Recycling 5278 | -7/Recycling | Build established: Scavenger-Mutant 5357 | -7/Recycling | Discovered new exit (range 16) 5895 | -7/Recycling | Core integrity fell below 50% 5955 | -7/Recycling | Scanned before Scraplab entrance 5983 | -7/Recycling | Entered Scraplab 6198 | -7/Recycling | Build established: Mutant 6208 | -7/Recycling | Discovered new exit (range 2) 6211 | -7/Recycling | Entered Scraptown 6211 | -7/Scraptown | System corruption cleaned by C-Scrubber 6595 | -7/Scraptown | Heard Great Nut preacher, LISTEN AND RECITE! 6720 | -7/Scraptown | Scanned Subdweller tech in exchange for log data 6728 | -7/Scraptown | Learned location of Quarantine (-2) 6730 | -7/Scraptown | Learned Research stockpile data 6733 | -7/Scraptown | Learned Factory terminal intel 6735 | -7/Scraptown | Learned location of Extension (-5) 6769 | -7/Scraptown | Discovered new exit (range 7) 7031 | -7/Scraptown | Visited Cyclists 7068 | -7/Scraptown | Visited UFD Registry 7068 | -7/Scraptown | Registered with UFD as "Phasemaster" 7130 | -7/Scraptown | Visited Curators Association 7213 | -7/Scraptown | Visited Scrap Suit Storage 7250 | -7/Scraptown | Visited Observation Area 7289 | -7/Scraptown | Visited Junk Repository 7328 | -7/Scraptown | Visited Analyses Database 7471 | -7/Scraptown | Visited Supply Room 7494 | -7/Scraptown | Visited Cartography Club 7549 | -7/Scraptown | Visited A0-MCA Data Center 7590 | -7/Scraptown | Visited LU-1G1's Boring Crew 7632 | -7/Scraptown | Visited Science Guys 7782 | -7/Scraptown | Found Surveybot 17 Chip 7819 | -7/Scraptown | Found Deep Structural Scanner 7825 | -7/Scraptown | Learned location of Recycling (-7) 7825 | -7/Scraptown | Learned location of Cetus (-5) 7825 | -7/Scraptown | Learned location of Testing (-3) 7825 | -7/Scraptown | Learned 16 Materials zone layouts 7825 | -7/Scraptown | Learned 8 Factory zone layouts 7825 | -7/Scraptown | Learned 12 Factory zone layouts 7825 | -7/Scraptown | Learned 20 Factory zone layouts 7825 | -7/Scraptown | Learned 24 Factory zone layouts 7825 | -7/Scraptown | Learned 4 Access zone layouts 7825 | -7/Scraptown | Learned 16 Lower Caves zone layouts 7825 | -7/Scraptown | Learned 16 Proximity Caves zone layouts 7825 | -7/Scraptown | Learned 4 Armory zone layouts 7825 | -7/Scraptown | Learned location of 1 exit from Lower Caves 7825 | -7/Scraptown | Learned location of 2 exits from Upper Caves 9069 | -7/Scraptown | Visited Shadow of the Wyrm 9121 | -7/Scraptown | Visited Assassins FH 9194 | -7/Scraptown | Visited Spacefarers 9251 | -7/Scraptown | Entered Cyclist Reading Room 9301 | -7/Scraptown | Build established: Derelict-Mutant 9329 | -7/Scraptown | Visited Fellowship of the Rings 9359 | -7/Scraptown | Visited Scrapoid Research Area 9395 | -7/Scraptown | Visited CPS Storage 9999 | -7/Scraptown | Given a B- rating by A0-MCA 10050 | -7/Scraptown | Found A0-MCA's Component Scanner 10201 | -7/Scraptown | Discovered new exit (range 3) 10219 | -7/Scraptown | Entered Factory 10219 | -5/Factory | Evolved 10 slots: Propulsion x2, Utility x7, Weapon x1 10220 | -5/Factory | Identified exit to Upper Caves 10221 | -5/Factory | Identified exit to Factory 10221 | -5/Factory | Identified exit to Extension 10222 | -5/Factory | Loaded intel: 28 terminal locations 10222 | -5/Factory | Attached Rainbow Chip, gained temporary slots: Power, Propulsion, Utility, Weapon 10549 | -5/Factory | Build established: Derelict-Tank 10631 | -5/Factory | Fabricated Centrium Leg (x1) 10854 | -5/Factory | Tech Extrapolator generated special schematic: Deep Structural Scanner 11041 | -5/Factory | Attached Gun Armor, gained temporary slots: Weapon x2 11271 | -5/Factory | Tech Extrapolator generated special schematic: Machine Rigger 11330 | -5/Factory | System corruption reached 10% 11349 | -5/Factory | Cargo convoy interrupted 11446 | -5/Factory | Self-destructed Last Messages --------------- 11428_ Critical hit (Destroy). 11429_ Kicked H-66 Slayer out of the way. 11430_ Slug penetrates Wall. 11431_ HV Slug penetrates Wall. 11431_ Penetrated by Slug. 11435_ Hyp. Coil Gun destroyed. 11436_ Penetrated by Slug. 11436_ Kicked H-66 Slayer out of the way. 11438_ Penetrated by Slug. 11438_ Slug penetrates Wall. 11439_ Penetrated by Slug. 11441_ R-10 Processor collects Antigrav System. 11441_ Penetrated by Slug. 11442_ Kicked P-70 Sage. 11443_ Slug penetrates Wall. 11444_ Acquired 114 matter. 11444_ Slug penetrates Wall. 11444_ Enh. Coil Gun destroyed. 11445_ R-10 Processor collects Imp. Remote Datajack. 11446_ Slug penetrates Wall. Map ----- +----------------------------------------------------+ | ## """"## # #?# ## #?### | | # """"## # #?#+########## #?# | | # """"## # ### #????????# #?# | | # ## # ### #????????# #?# | | # ############## ##### #????????# #?# | | #####+#####?????????#### ##### ###?????## ### | | ##### ################# ### ####### ## | | + T # ### ##+# | | ##### ## ####### # ### H | | ????## ### #?????# + ### #### | | ?????# ###+####### """ # ### ####### #??? | | ?????# # # """ + #####+###########+###### | | ?????# # """"""" # """ # ## # | | ?????# # """"""" ######## ## # | | ?????# + """"""" # # ## # " " " " " | | ?????# # """"""" # # ## # " " " " " | | #????# # # + ## # " " " " " | | #??### ########### "Y" # ## # " " " " " | | #??# #????#### """ # ## # " " " " " | | #??# ####?#### # ## # " " " " " | | #??# " #?###########R############ " " " " " | | ???# ## #?########### R!= !=!##### " " " " " | | ???# ## #?#### ^ #=;! =! ##### " " " " " | | ???######## #?#### #h!! """ ##### | | ??????????# #?#### #!# """ ################# | | ??????????# #?#### ^ #@#! """ ############## ## | | ?????????##+###### hu=# ! ############## ## | | ?????????# ## #=####"################ ## | | ?????????# ##"#/#### ############ !! ### ## | | ?????????# """ # ## #### H ## ] ### ## | | ?????????# """ #### ###########+## ## ### + | | ?????????# """ #### #### ## ## ###### | | ?????????# #### ####! """ ## ## ###### | | ###########+######## #### """ ## ## ###### | | #### """ # ##+########## | | #### ############### #### # > # [ = | | #?# #?????????????# #### " " # ##### ####*## | | "#?# #?????????????# #### "Y" ## ###### #### ## | | "#?# #?????????????# #### """ ! ## ###### ###" ## | | "#?# #?????????????# #### ## ###### ###" ## | | #?# #?????????????# ############## # ## | | #?# #?????????????# ##############+#+############ | | #?# #?????????????# ############# ## | | #?# #?????????????# ############# """ T ## | | #?# #?????????????# #?????????### """ ## | | ##?# ############### ########????# """ ## | | ???# #????# ## | | ???# #????# """ ## | | ???# #????# """ ## | | ???# #????# """ ## | +----------------------------------------------------+ Best States ------------- Heat Dissipation 66 Energy Generation 37 Energy Capacity 510 Matter Stores 300 Matter Capacity 300 Sight Range 22 Terrain Scan Density 10 Armor Coverage 800 Evasion (%) 55 Armor Integrity Analysis 30 Recoil Reduction 2 Item Schematics ----------------- Mak. Medium Armor Plating | -5/Factory | Extrapolated Mak. Ablative Armor | -5/Factory | Extrapolated Mak. System Restoration Module | -5/Factory | Extrapolated Deep Structural Scanner | -5/Factory | Extrapolated Mak. Coolant Network | -5/Factory | Extrapolated Mak. Hacking Suite | -5/Factory | Extrapolated Machine Rigger | -5/Factory | Extrapolated Robot Schematics ------------------ None Fabricated ------------ Centrium Leg | x1 | -5/Factory | Preloaded Repaired ---------- Nothing Alien Tech Used ----------------- None Achievements -------------- None Challenges ------------ None Game ------ Seed GaussBoreFemtoactuators Manual? 0 Play Time 00:52:01 Cumulative 150.5 hours Start 2025.08.24 @ 20:15:01 End 2025.08.26 @ 09:25:00 Sessions 3 Manual Loads 0 Difficulty Rogue Special Mode None Game No. 209 Rogue 209 Adventurer 0 Explorer 0 Win Type - Total 1 Types 1/0/0/0/0/0/0/0/0/0 Lore% 70 Gallery% 64 Achievement% 54 Wizard Run 0 Options --------- Layout 0 ASCII 0 Keyboard 0 Movement Mouse Keybinds 0 Fullscreen 1 Font 16/SmallcapsGlow Map View 75x55 Zoom Use 0% Tactical HUD 1 Map Filters NONE Filters NONE Steam 1 RUN: edb7209d-a714-42b6-90d1-e36117353398